 Dungeon Crawl Stone Soup version 0.27.1-34-g3ba077fa99 (webtiles) character file.

Game seed: 4945635485719638014

75 Descartes the Magician (level 4, 0/27 HPs)
             Began as an Octopode Wanderer on Jan 20, 2022.
             Was a Follower of Qazlal.
             Succumbed to an adder's poison
             ... on level 3 of the Dungeon.
             The game lasted 00:04:25 (2926 turns).

Descartes the Magician (Octopode Wanderer)          Turns: 2926, Time: 00:04:25

Health: 0/27       AC:  1    Str: 11    XL:     4   Next: 31%
Magic:  10/10      EV: 12    Int: 15    God:    Qazlal [*.....]
Gold:   89         SH:  1    Dex: 11    Spells: 5/11 levels left

rFire    . . .     SeeInvis .   h - +0 whip (elec)
rCold    . . .     Faith    .   (no shield)
rNeg     . . .     Spirit   .   (helmet restricted)
rPois    .         Reflect  .   (no amulet)
rElec    .         Harm     .   (no ring)
rCorr    .         Rampage  .   (no ring)
Will     .....                  (no ring)
Stlth    ++........             (no ring)
HPRegen  0.09/turn              (no ring)
MPRegen  0.12/turn              (no ring)
                                (no ring)
                                (no ring)

@: lethally poisoned (0 -> -2)
A: almost no armour, amphibious, 8 rings, camouflage 1, gelatinous body 1,
(nimble swimmer 1), tentacles
a: Renounce Religion


You were on level 3 of the Dungeon.
You worshipped Qazlal.
Qazlal was aware of your devotion.
You visited 1 branch of the dungeon, and saw 3 of its levels.

You collected 89 gold pieces.

Inventory:

Hand Weapons
 a - a +0 club
 d - a +0 spear
 h - a +0 whip of electrocution (weapon)
Missiles
 e - 32 stones (quivered)
 f - a throwing net
Scrolls
 b - 3 scrolls of teleportation {unknown}
Potions
 c - 3 potions of curing {unknown}
 g - a potion of heal wounds {unknown}
 i - a potion of flight {unknown}


   Skills:
 - Level 4.0 Spellcasting
 + Level 2.5 Conjurations
 + Level 0.0 Translocations
 - Level 1.0 Ice Magic
 + Level 3.4 Air Magic
 - Level 1.2 Poison Magic
 - Level 2.1 Evocations


You had 5 spell levels left.
You knew the following spells:

 Your Spells              Type           Power      Damage    Failure   Level
a - Shock                 Conj/Air       44%        1d5       5%          1
b - Magic Dart            Conj           40%        1d5       6%          1
c - Searing Ray           Conj           20%        3d3       10%         2
d - Blink                 Tloc           N/A        N/A       26%         2

Your spell library contained the following spells:

 Spells                   Type           Power      Damage    Failure   Level
 Static Discharge         Conj/Air       11%        N/A       9%          2
 Mephitic Cloud           Conj/Pois/Air  10%        N/A       21%         3
 Call Imp                 Summ           3%         N/A       26%         2
 Slow                     Hex            3%         N/A       26%         2
 Conjure Flame            Conj/Fire      6%         6-21      32%         3
 Gell's Gravitas          Tloc           1%         N/A       47%         3
 Teleport Other           Tloc           3%         N/A       47%         3
 Hailstorm                Conj/Ice       8%         3d4       65%         4
 Ice Form                 Ice/Tmut       4%         N/A       82%         4
 Dispersal                Tloc           1%         N/A       100%        6
 Simulacrum               Ice/Necr       2%         N/A       100%        6


Dungeon Overview and Level Annotations

Branches:
Dungeon (3/15)

Altars:
Qazlal

Shops:
D:2 (


Innate Abilities, Weirdness & Mutations

You cannot wear most types of armour.
You are amphibious.
You can wear up to eight rings at the same time.
Your skin changes colour to match your surroundings (Stealth+).
Your rubbery body absorbs attacks. (AC +1, EV +1)
((You are camouflaged near water. (Stealth+)))
You have tentacles for arms and can constrict up to eight enemies at once.


Message History

You are poisoned.
The adder poisons you!
You miss the adder. Your grab misses the adder.
You feel sick. The adder bites you.
You miss the adder. Your grab misses the adder. You squeeze the adder.
The adder is lightly wounded.
You feel sick. The adder bites you. The adder barely misses you.
You miss the adder. You grab the adder.
The adder is lightly wounded.
You constrict the adder.
You feel sick. The adder bites you but does no damage.
You hit the adder.
The adder is severely wounded.
You constrict the adder.
You feel sick. The adder bites you.
You are more poisoned.
The adder poisons you! The endoplasm hits you. The adder barely misses you.
You are too injured to fight recklessly!
You are too injured to fight recklessly!
You are too injured to fight recklessly!
You are too injured to fight recklessly!
You are too injured to fight recklessly!
You are too injured to fight recklessly!
You are too injured to fight recklessly!
You are too injured to fight recklessly!
You are too injured to fight recklessly!
You are too injured to fight recklessly!
You are too injured to fight recklessly!
You are too injured to fight recklessly!
You are too injured to fight recklessly!
You are too injured to fight recklessly!
You are too injured to fight recklessly!
You release your grip on the adder.
You feel sick. The endoplasm freezes you.
You are frozen.
* * * LOW HITPOINT WARNING * * *
* * * LOW HITPOINT WARNING * * *
You feel sick.
* * * LOW HITPOINT WARNING * * *
You feel sick.
There is a stone staircase leading up here.
You die...

#.. ......# ...
#..#......# ...
#..#...>..# ....
#..#......
.....##...#..#
.....#.......#
........#....##.
.......°S.....(..
.......@J........#
......☼.........##
(.............#.#
..............#.#
..##.>........# .
♣ ...........#
............#
#............#


You could see an adder and an endoplasm.

Vanquished Creatures
  3 adders (D:2)
  A dart slug (D:1)
  An orc (D:3)
  2 ball pythons
  7 endoplasms
  A giant cockroach (D:1)
  6 goblins
  7 hobgoblins
  A quokka (D:2)
  4 bats
  2 frilled lizards (D:2)
  5 kobolds
  4 rats
44 creatures vanquished.

Notes
Turn   | Place    | Note
-------+----------+-------------------------------------------
     0 | D:1      | Descartes the Octopode Wanderer began the quest for the
                  | Orb.
     0 | D:1      | Descartes set off with the following items: a +0 club; and
                  | the following spells available to memorise: Shock, Magic
                  | Dart, Static Discharge, Blink, Call Imp, Searing Ray, Slow,
                  | Mephitic Cloud, Conjure Flame
     0 | D:1      | Reached XP level 1. HP: 11/11 MP: 5/5
     2 | D:1      | Learned a level 1 spell: Shock
     4 | D:1      | Learned a level 1 spell: Magic Dart
    90 | D:1      | You fall into a shaft and drop 1 floor!
   333 | D:2      | Reached skill level 1 in Conjurations
   333 | D:2      | Reached XP level 2. HP: 6/17 MP: 7/7
  1002 | D:2      | Reached XP level 3. HP: 8/21 MP: 8/8
  1827 | D:1      | Found a faded altar of an unknown god.
  1831 | D:1      | Became a worshipper of Qazlal Stormbringer
  1831 | D:1      | Reached * piety under Qazlal
  2202 | D:2      | Found Detuikori's Antique Weapon Boutique.
  2233 | D:2      | Reached XP level 4. HP: 27/27 MP: 10/10
  2355 | D:2      | Learned a level 2 spell: Searing Ray
  2388 | D:2      | Learned a level 2 spell: Blink
  2925 | D:3      | HP: 1/27 [poisoned by an adder]
  2926 | D:3      | Succumbed to an adder's poison

Illustrated notes

Levels and vault maps discovered:
D:1:      psy_arrival_dodecagon, layout_basic,
          shapermc_ecumenical_altar_mp_ritualfount
D:2:      layout_basic, serial_shops, shop, grunt_decor_arrowhead
D:3:      layout_rooms, serial_bayou_ford_a

Skill      XL: |  1  2  3 |
---------------+----------+-----
Conjurations   | 1 2 |  2.5
Air Magic      | 3 |  3.4
Spellcasting   | |  4.0
Ice Magic      | |  1.0
Poison Magic   | |  1.2
Evocations     | |  2.1

Action                   |  1- 3 |  4- 6 || total
-------------------------+-------+-------++-------
Melee: Spear             |    57 |       ||    57
       Constrict         |    15 |     3 ||    18
       Tentacles         |    12 |     3 ||    15
       Whip              |    27 |    20 ||    47
 Stab: Sleeping          |     7 |       ||     7
Armor: Skin              |     3 |     1 ||     4
Dodge: Dodged            |    41 |    12 ||    53
